 Dungeon Crawl Stone Soup version 0.32-a0-42-ga30500b4d3 (webtiles) character file.

Game seed: 1795076620155548567

191458 cforsyth the Slayer (level 19, 0/162 HPs)
             Began as a Djinni Hedge Wizard on Jan 30, 2024.
             Was an Initiate of Gozag.
             Killed by an exploding bloated husk (36 damage)
             ... set off by their pet
             ... on level 3 of the Swamp.
             The game lasted 01:24:23 (43742 turns).

cforsyth the Slayer (Djinni Hedge Wizard)          Turns: 43742, Time: 01:24:23

Health: 0/162      AC: 16    Str: 13    XL:     19   Next: 36%
Gold:   10075      EV: 16    Int: 24    God:    Gozag SH:  0 Dex: 19

rFire   + + +        a - staff of conjuration
rCold   + + .        J - orb {light}
rNeg    . . .        b - +2 robe {rC+ rF+}
rPois   ∞            K - +1 helmet of the Comet {Str+4}
rElec   .            r - +2 cloak
rCorr   +            h - +2 pair of gloves
SInv    .            (boots unavailable)
Will    +....        N - amulet of regeneration
Stlth   +            Z - ring of Wonder {*Slow Fly rC++ rCorr Dex+6}
HPRegen 1.27/turn    q - +4 ring of protection
MPRegen 0.00/turn

%: slow self (1%), infuse magic (-1 HP)
@: gold aura, flying, slowed, glowing, very slow
A: sickness immunity, fire resistance 2, cold vulnerability 1, float, innate
caster, HP casting, extra vitality 1
a: Renounce Religion, Potion Petition, Call Merchant, Bribe Branch


You were on level 3 of the Swamp.
You worshipped Gozag.
Gozag was extremely pleased with you.
You visited 6 branches of the dungeon, and saw 30 of its levels.
You also visited: Sewer, Ossuary, Bailey and Ice Cave.

You collected 10132 gold pieces.
You paid 57 gold pieces to Gozag.

Inventory:

Armour
 b - a +2 robe of resistance (worn)
 h - a +2 pair of gloves (worn)
 r - a +2 cloak (worn)
 J - an orb of light (worn)
 K - the +1 helmet of the Comet (worn) {Str+4}
   (You took it off Robin on level 4 of the Dungeon)

   Str+4:     It affects your strength (+4).
Magical Staves
 a - a staff of conjuration (weapon)
Jewellery
 c - an amulet of reflection
 j - a ring of willpower
 l - a ring of resist corrosion
 q - a +4 ring of protection (right hand)
 N - an amulet of regeneration (around neck)
 U - a ring of positive energy
 V - the ring of Ysufrat {rPois Will+ Dex+6}
   (You acquired it on level 3 of the Spider Nest)

   [ring of dexterity]

   Dex+6:     It affects your dexterity (+6).
   rPois:     It protects you from poison Will+: It increases your willpower.
 Y - a +5 ring of evasion
 Z - the ring of Wonder (left hand) {*Slow Fly rC++ rCorr Dex+6}
   (You found it on level 12 of the Dungeon)

   [ring of dexterity]

   Dex+6:     It affects your dexterity (+6).
   rC++:      It greatly protects you from cold.
   Fly:       It grants you flight.
   rCorr:     It protects you from acid and corrosion.
   *Slow:     It may slow you when you take damage.
Wands
 n - a wand of iceblast (29)
 t - a wand of polymorph (11)
 I - a wand of charming (14)
 O - a wand of mindburst (17)
 X - a wand of acid (10)
Scrolls
 d - 7 scrolls of fog {unknown}
 f - a scroll of silence
 g - 8 scrolls of teleportation
 i - 2 scrolls of poison
 s - 5 scrolls of enchant armour
 w - 8 scrolls of immolation {unknown}
 y - 3 scrolls of noise
 z - 12 scrolls of revelation
 A - 6 scrolls of amnesia {unknown}
 C - 3 scrolls of blinking {unknown}
 F - 3 scrolls of summoning
 G - 5 scrolls of vulnerability {unknown}
 H - 4 scrolls of enchant weapon
 S - 2 scrolls of brand weapon
 T - 5 scrolls of fear {unknown}
Potions
 e - 7 potions of attraction
 k - 4 potions of lignification
 o - 14 potions of curing
 p - 6 potions of brilliance
 u - 4 potions of resistance
 v - 8 potions of might
 x - 5 potions of ambrosia
 B - 3 potions of mutation
 D - 2 potions of enlightenment
 M - 3 potions of berserk rage
 P - 4 potions of haste
 W - a potion of heal wounds
Miscellaneous
 m - a condenser vane
 R - a sack of spiders


   Skills:
 + Level 22.5 Fighting
 - Level 6.8 Dodging
 - Level 1.7 Stealth
 + Level 17.6 Spellcasting
 + Level 17.6 Conjurations
 + Level 17.6 Hexes
 + Level 17.6 Summonings
 + Level 17.6 Necromancy
 + Level 17.6 Translocations
 + Level 17.6 Fire Magic
 + Level 17.6 Ice Magic
 + Level 17.6 Air Magic
 + Level 17.6 Earth Magic
 + Level 17.6 Alchemy


You knew the following spells:

 Your Spells              Type           Power      Damage    Failure   Level
a - Magic Dart            Conj           100%       1d8       0%          1
b - Slow                  Hex            100%       N/A       0%          1
c - Blink                 Tloc           100%       N/A       0%          2
d - Call Imp              Summ           100%       N/A       0%          2
e - Mephitic Cloud        Conj/Alch/Air  100%       N/A       0%          3
f - Freeze                Ice            100%       1d10      0%          1
g - Mercury Vapours       Alch/Air       100%       N/A       0%          2
h - Searing Ray           Conj           100%       2d8       0%          2
i - Ozocubu's Armour      Ice            82%        N/A       0%          3
j - Vhi's Electric Charg  Tloc/Air       100%       N/A       0%          4
k - Arcjolt               Conj/Air       51%        1d61      1%          5
l - Eringya's Noxious Bo  Alch           41%        4d6       1%          6
m - Enfeeble              Hex            41%        N/A       1%          7
n - Death Channel         Necr           41%        N/A       1%          6
Your spell library was empty.

Dungeon Overview and Level Annotations

Branches:
Dungeon (15/15)            Temple (1/1) D:4            Lair (5/5) D:11
  Swamp (3/4) Lair:3       Spider (4/4) Lair:2        Slime (0/5) Lair:5
    Orc (2/2) D:11            Elf (0/3) Orc:2        Vaults (0/5) D:13
 Depths (0/4) D:15          Sewer (visited)         Ossuary (visited)
 Bailey (visited)           IceCv (visited)

Altars:
Ashenzari
Cheibriados
Dithmenos
Elyvilon
Fedhas
Gozag
Hepliaklqana
Makhleb
Nemelex Xobeh
Okawaru
Qazlal
Ru
Trog
Uskayaw
Wu Jian
Xom
Yredelemnul
Zin
The Shining One

Shops:
Orc:1 [   Orc:2 :*[[

Annotations:
D:13 1 runed translucent door
Spider:1 3 runed translucent doors, CougarLife's ghost, journeyman MiBe
Spider:2 3 runed translucent doors, Jeuxtor's ghost, adept DrGl


Innate Abilities, Weirdness & Mutations

You are immune to sickness and miasma.
You are immune to poison.
Your flesh is very heat resistant. (rF++)
You are vulnerable to cold. (rC-)
You float through the air rather than walking.
You learn spells naturally, not from books.
Your magical power is your life essence.
You have superior vitality. (+4 MHP)


Message History

* * * LOW HITPOINT WARNING * * *
The tentacled monstrosity tentacle-slaps you but does no damage.
The tentacled monstrosity barely misses you.
The tentacled monstrosity tentacle-slaps you but does no damage.
The tentacled monstrosity constricts you.
* * * LOW HITPOINT WARNING * * *
Okay, then.
Casting: Arcjolt (safe; 1% risk of failure)
Confirm with . or Enter, or press ? or * to list all spells.
You escape the tentacled monstrosity's grasp.
You blink.
* * * LOW HITPOINT WARNING * * *
Press: ? - help, v - describe, . - travel
Here: a tentacled monstrosity (translocational energy, lightly wounded, haloed)
A stone staircase leading up.
As you read the scroll of summoning, it crumbles to dust.
Wisps of shadow whirl around you...
You feel ready to blink again.
Your goliath frog closely misses the tentacled monstrosity.
Your eleionoma completely misses the tentacled monstrosity.
The tentacled monstrosity tentacle-slaps your eleionoma.
The tentacled monstrosity tentacle-slaps your eleionoma! x2
The tentacled monstrosity grabs your eleionoma.
The tentacled monstrosity constricts your eleionoma!
A swamp worm comes into view.
Your goliath frog hits the tentacled monstrosity from afar!!
The tentacled monstrosity is splashed with acid.
The acid corrodes the tentacled monstrosity!
Your bloated husk dissolves into shadows!
Your bloated husk explodes!
The blast of putrescent gases engulfs your goliath frog!!!
Your goliath frog dies!
Your goliath frog's corpse dissolves into shadows!
The blast of putrescent gases engulfs the tentacled monstrosity!!
The blast of putrescent gases engulfs your eleionoma!!!
Your eleionoma dies!
Your eleionoma's corpse dissolves into shadows!
The blast of putrescent gases engulfs you!!!
You die...
Your body crumbles into a pile of gold.

~..~ ~~~~~.♣~.♣
...~~ ♣~~~.~~§.♣♣
~.~.~ ♣~~~§.~...♣♣
~.~~~. ♣~~~§...♣~~.
♣~~~~.♣♣♣.~..~§.~~~~
~..$.$..$.....~..~♣
.~~.~~$<$$~~~~~..~♣§
~~~.~~~$$~~♣~....§w.
~.~..~~~.X~~@♣
.~~~~~~~.♣~~~~~....~
>.~>~.~~~.~.§~~....§
~§~.~.~~~♣~~♣......~
~~.~......~.~~~~.~~~
~.~§~~~~~~~~~~~~.~~~
~~~♣~~~..~~~~.~..
~~~~♣~.~§~~~~~~♣


You could see a tentacled monstrosity (unaware, corroded) and a swamp worm.

Vanquished Creatures
  Jorgrun (Orc:2)
  Rupert (Lair:4)
  Kirke (Spider:1)
  3 emperor scorpions
  4 ghost moths
  Louise (Swamp:1)
  An orc warlord (Bailey)
  A broodmother (Spider:3)
  A reaper (IceCv)
  Azrael (Spider:2)
  3 bunyips
  2 spark wasps
  3 entropy weavers
  Josephine (D:13)
  2 fire dragons
  Erolcha (D:13)
  2 ice dragons
  7 hydras
  A jorogumo (Spider:3)
  A catoblepas (Lair:2)
  4 centaur warriors
  2 radroaches
  A ghost crab (Swamp:2)
  2 two-headed ogres
  13 alligators
  3 boulder beetles
  Erica (D:8)
  A death knight (D:15)
  10 death yaks
  10 demonic crawlers
  Urug (Lair:4)
  3 orc high priests (Orc:2)
  A sun demon (D:14)
  4 spriggans
  2 skysharks
  A goliath frog (Swamp:1)
  A fire crab (shapeshifter) (D:13)
  3 spriggan druids
  4 pharaoh ants
  3 sun moths (Spider:3)
  An orange crystal statue (D:13)
  A bog body (Lair:3)
  2 swamp dragons
  10 orb spiders
  8 orc knights
  3 lindwurms (Lair:5)
  3 steelbarb worms
  2 deep elf pyromancers (D:14)
  An ugly thing (D:13)
  19 wolf spiders
  A cyclops (D:11)
  5 orc sorcerers
  A manticore (D:14)
  7 meliai (Spider:3)
  8 black mambas
  Joseph (D:8)
  17 elephants
  2 kobold blastminers (Orc:2)
  4 moths of wrath
  13 torpor snails
  2 ice statues (IceCv)
  16 cane toads
  2 gargoyles
  5 rime drakes
  10 komodo dragons
  2 kobold demonologists
  A tengu conjurer (D:14)
  An anaconda simulacrum (IceCv)
  4 freezing wraiths
  3 ice devils
  6 trolls
  A bloated husk (Swamp:2)
  11 tarantellas
  11 hornets
  18 blink frogs
  9 tyrant leeches
  4 dream sheep (Lair:3)
  21 jumping spiders
  Prince Ribbit (D:6)
  20 culicivoras
  3 slime creatures (D:15)
  A shadow (D:11)
  10 wraiths
  4 dire elephant simulacra (IceCv)
  4 wyverns
  A basilisk (shapeshifter) (D:15)
  3 wargs
  30 yaks
  2 fire elementals (Spider:2)
  7 hogs (Spider:1)
  39 redbacks
  2 basilisks
  A steam dragon (Lair:5)
  2 harpy simulacra (IceCv)
  17 vampire mosquitoes
  4 acid dragons
  12 water moccasins
  11 swamp worms
  2 hell hounds (Spider:2)
  3 hydra simulacra (IceCv)
  4 swamp drakes
  19 orc warriors
  2 laughing skulls (D:15)
  An ice beast (D:5)
  A black bear (Lair:2)
  A crocodile (Sewer)
  3 ogres
  17 wolves
  13 centaurs
  3 phantoms
  7 kobold brigands
  14 bullfrogs
  12 scorpions
  A two-headed ogre simulacrum (IceCv)
  A cane toad simulacrum (IceCv)
  7 wights (D:8)
  7 killer bees (D:11)
  2 electric eels (Lair:3)
  2 elephant simulacra
  A howler monkey (D:5)
  4 crimson imps (D:14)
  5 quasits
  A centaur zombie (Ossuary)
  15 orc priests
  3 human zombies (Ossuary)
  3 bombardier beetles
  A gnoll bouda (D:9)
  3 hounds
  2 jellies
  19 orc wizards
  5 scorpion zombies (Ossuary)
  5 iguanas
  10 hell rats (Lair:1)
  A polar bear simulacrum (IceCv)
  4 mummies
  Robin (D:4)
  4 gnolls (D:9)
  8 adders
  A river rat (Sewer)
  3 shadow imps
  10 white imps
  6 ufetubi
  3 adder zombies (Ossuary)
  2 dart slugs
  4 ribbon worms
  61 orcs
  9 endoplasms
  5 giant cockroaches
  16 goblins
  12 hobgoblins
  2 quokkas (D:3)
  4 ball pythons
  5 ball python zombies (Ossuary)
  3 bats
  A frilled lizard (D:1)
  41 kobolds
  3 orc zombies (Ossuary)
  7 rats
933 creatures vanquished.

Vanquished Creatures (collateral kills)
  A vault guard (D:13)
  A dancing weapon (D:13)
  A swamp dragon (Swamp:1)
3 creatures vanquished.

Vanquished Creatures (others)
  An eleionoma (Swamp:2)
1 creature vanquished.

Grand Total: 937 creatures vanquished

Notes
Turn   | Place    | Note
-------+----------+-------------------------------------------
     0 | D:1      | cforsyth the Djinni Hedge Wizard began the quest for the
                  | Orb.
     0 | D:1      | cforsyth set off with the following spells memorised: Magic
                  | Dart, Slow, Blink, Call Imp, Mephitic Cloud.
     0 | D:1      | Reached XP level 1. HP: 15/15 MP: 0/0
   466 | D:1      | Reached XP level 2. HP: 20/21 MP: 0/0
   805 | D:2      | Reached skill level 1 in Fighting
   805 | D:2      | Reached XP level 3. HP: 23/27 MP: 0/0
   805 | D:2      | Learned a level 1 spell: Freeze
  1590 | D:3      | Reached skill level 2 in Fighting
  1590 | D:3      | Reached XP level 4. HP: 26/33 MP: 0/0
  1915 | D:3      | Found a white marble altar of Elyvilon.
  2185 | D:3      | Reached skill level 3 in Fighting
  2185 | D:3      | Reached XP level 5. HP: 23/40 MP: 0/0
  2185 | D:3      | Learned a level 2 spell: Mercury Vapours
  2723 | D:4      | Identified the +1 helmet of the Comet {Str+4}
  2723 | D:4      | Noticed Robin
  2761 | D:4      | Killed Robin
  2768 | D:4      | Reached XP level 6. HP: 25/46 MP: 0/0
  2948 | D:4      | Found a sand-covered staircase.
  3051 | Ossuary  | Entered an ossuary
  3115 | Ossuary  | Reached skill level 4 in Fighting
  3790 | Ossuary  | Reached XP level 7. HP: 26/53 MP: 0/0
  3790 | Ossuary  | Learned a level 2 spell: Searing Ray
  4075 | Ossuary  | Reached skill level 5 in Fighting
  4075 | Ossuary  | Reached skill level 5 in Spellcasting
  4075 | Ossuary  | Reached skill level 5 in Conjurations
  4075 | Ossuary  | Reached skill level 5 in Hexes
  4075 | Ossuary  | Reached skill level 5 in Summonings
  4075 | Ossuary  | Reached skill level 5 in Necromancy
  4075 | Ossuary  | Reached skill level 5 in Translocations
  4075 | Ossuary  | Reached skill level 5 in Fire Magic
  4075 | Ossuary  | Reached skill level 5 in Ice Magic
  4075 | Ossuary  | Reached skill level 5 in Air Magic
  4075 | Ossuary  | Reached skill level 5 in Earth Magic
  4075 | Ossuary  | Reached skill level 5 in Alchemy
  4551 | D:4      | Found an ornate altar of the Wu Jian Council.
  4751 | D:4      | Reached XP level 8. HP: 53/60 MP: 0/0
  5077 | D:4      | Found a staircase to the Ecumenical Temple.
  5083 | Temple   | Entered the Ecumenical Temple
  5101 | Temple   | Became a worshipper of Gozag Ym Sagoz the Greedy
  5139 | D:5      | Entered Level 5 of the Dungeon
  5206 | D:5      | Reached skill level 6 in Fighting
  5297 | D:5      | Found a glowing drain.
  5325 | Sewer    | Entered a sewer
  5757 | Sewer    | Reached skill level 7 in Fighting
  6053 | D:5      | Reached XP level 9. HP: 58/68 MP: 0/0
  6053 | D:5      | Learned a level 3 spell: Ozocubu's Armour
  6491 | D:6      | Noticed Prince Ribbit
  6512 | D:6      | Killed Prince Ribbit
  6513 | D:6      | Reached skill level 8 in Fighting
  6889 | D:6      | Found a stormy altar of Qazlal.
  6930 | D:6      | Found a sparkling altar of Nemelex Xobeh.
  8757 | D:8      | Reached skill level 9 in Fighting
  8791 | D:8      | Noticed Erica
  9045 | D:8      | Killed Erica
  9046 | D:8      | Reached XP level 10. HP: 65/78 MP: 0/0
  9140 | D:8      | Found a snail-covered altar of Cheibriados.
  9353 | D:8      | Reached skill level 10 in Fighting
  9439 | D:8      | Noticed Joseph
  9461 | D:8      | Killed Joseph
  9618 | D:8      | Found a burning altar of Makhleb.
  9619 | D:8      | Found a hazy altar of Hepliaklqana.
  9623 | D:8      | Found a bloodstained altar of Trog.
  9627 | D:8      | Found a blossoming altar of Fedhas.
  9987 | D:8      | Noticed a two-headed ogre
  9998 | D:8      | Killed a two-headed ogre
 10444 | D:9      | Found a flagged portal.
 10480 | Bailey   | Entered a bailey
 10527 | Bailey   | Noticed an orc warlord
 10576 | Bailey   | Noticed an orc knight
 10709 | Bailey   | Reached skill level 11 in Fighting
 10716 | Bailey   | Killed an orc knight
 10717 | Bailey   | Reached XP level 11. HP: 34/87 MP: 0/0
 10717 | Bailey   | Learned a level 4 spell: Vhi's Electric Charge
 11057 | Bailey   | Found a runed translucent gate.
 11060 | Bailey   | Found a runed translucent gate.
 11061 | Bailey   | Found a runed translucent gate.
 11672 | Bailey   | Killed an orc warlord
 12142 | D:9      | Reached skill level 12 in Fighting
 12576 | D:9      | Noticed a two-headed ogre
 12587 | D:9      | Killed a two-headed ogre
 12588 | D:9      | Reached skill level 10 in Spellcasting
 12588 | D:9      | Reached skill level 10 in Conjurations
 12588 | D:9      | Reached skill level 10 in Hexes
 12588 | D:9      | Reached skill level 10 in Summonings
 12588 | D:9      | Reached skill level 10 in Necromancy
 12588 | D:9      | Reached skill level 10 in Translocations
 12588 | D:9      | Reached skill level 10 in Fire Magic
 12588 | D:9      | Reached skill level 10 in Ice Magic
 12588 | D:9      | Reached skill level 10 in Air Magic
 12588 | D:9      | Reached skill level 10 in Earth Magic
 12588 | D:9      | Reached skill level 10 in Alchemy
 13372 | D:10     | Entered Level 10 of the Dungeon
 13705 | D:10     | Noticed a soul eater
 14970 | D:10     | Reached skill level 13 in Fighting
 14970 | D:10     | Reached XP level 12. HP: 37/98 MP: 0/0
 15572 | D:11     | Found a staircase to the Lair.
 16331 | D:11     | Found a staircase to the Orcish Mines.
 17134 | D:11     | Identified the +7 mace "Globulus" {flame, rF+}
 17905 | D:12     | Reached skill level 14 in Fighting
 18642 | D:12     | Identified the ring of Wonder {*Slow Fly rC++ rCorr Dex+6}
 19221 | Lair:1   | Entered Level 1 of the Lair of Beasts
 20977 | Lair:1   | Reached XP level 13. HP: 70/106 MP: 0/0
 20977 | Lair:1   | Learned a level 5 spell: Arcjolt
 21419 | Lair:2   | Found a frozen archway.
 21448 | IceCv    | Entered an ice cave
 21769 | IceCv    | Reached skill level 15 in Fighting
 22051 | IceCv    | Noticed a reaper
 22057 | IceCv    | Killed a reaper
 22306 | Lair:2   | Identified the +6 lajatang of Wisdom {vamp, rF+ rC- Dex+4
                  | Stlth+}
 22580 | Lair:2   | Noticed a catoblepas
 22590 | Lair:2   | Killed a catoblepas
 22704 | Lair:2   | Noticed an eight-headed hydra
 22712 | Lair:2   | Killed an eight-headed hydra
 22763 | Lair:2   | Reached skill level 16 in Fighting
 22938 | Lair:2   | Found a hole to the Spider Nest.
 23566 | Lair:2   | Found a snail-covered altar of Cheibriados.
 23572 | Lair:2   | Reached XP level 14. HP: 79/117 MP: 0/0
 24812 | Lair:3   | Reached skill level 17 in Fighting
 24850 | Lair:3   | Found a staircase to the Swamp.
 25325 | Lair:4   | Noticed Rupert
 25791 | Lair:4   | Killed Rupert
 26021 | Lair:4   | Noticed Urug
 26059 | Lair:4   | Killed Urug
 26481 | Lair:5   | Entered Level 5 of the Lair of Beasts
 26481 | Lair:5   | Found a staircase to the Slime Pits.
 26600 | Lair:4   | Reached XP level 15. HP: 38/126 MP: 0/0
 26600 | Lair:4   | Learned a level 6 spell: Eringya's Noxious Bog
 27034 | Lair:5   | Reached skill level 18 in Fighting
 30811 | Orc:1    | Entered Level 1 of the Orcish Mines
 31140 | Orc:1    | Reached skill level 19 in Fighting
 31338 | Orc:1    | Found Xoijuipn's Armour Emporium.
 31452 | Orc:2    | Entered Level 2 of the Orcish Mines
 31452 | Orc:2    | Found a staircase to the Elven Halls.
 31924 | Orc:2    | Noticed Jorgrun
 31947 | Orc:2    | Killed Jorgrun
 32352 | Orc:2    | Reached skill level 15 in Spellcasting
 32352 | Orc:2    | Reached skill level 15 in Conjurations
 32352 | Orc:2    | Reached skill level 15 in Hexes
 32352 | Orc:2    | Reached skill level 15 in Summonings
 32352 | Orc:2    | Reached skill level 15 in Necromancy
 32352 | Orc:2    | Reached skill level 15 in Translocations
 32352 | Orc:2    | Reached skill level 15 in Fire Magic
 32352 | Orc:2    | Reached skill level 15 in Ice Magic
 32352 | Orc:2    | Reached skill level 15 in Air Magic
 32352 | Orc:2    | Reached skill level 15 in Earth Magic
 32352 | Orc:2    | Reached skill level 15 in Alchemy
 32370 | Orc:2    | Reached XP level 16. HP: 67/135 MP: 0/0
 32577 | Orc:2    | Found Piorof's Armour Emporium.
 32588 | Orc:2    | Found Veel Jili's Armour Shop.
 32595 | Orc:2    | Found Teptof's Assorted Antiques.
 32597 | Orc:2    | Found Zoojuh's Book Emporium.
 32856 | D:11     | Reached XP level 17. HP: 141/141 MP: 0/0
 32856 | D:11     | Learned a level 7 spell: Enfeeble
 33232 | D:13     | Found a runed translucent door.
 33239 | D:13     | Found a runed translucent door.
 33255 | D:13     | Found a runed translucent door.
 33310 | D:13     | Found a runed translucent door.
 33540 | D:13     | Found a gate to the Vaults.
 33745 | D:13     | Noticed Erolcha
 33767 | D:13     | Killed Erolcha
 33911 | D:13     | Noticed Josephine
 33919 | D:13     | Killed Josephine
 34806 | D:15     | Entered Level 15 of the Dungeon
 35333 | D:15     | Found a staircase to the Depths.
 35586 | D:15     | Reached skill level 20 in Fighting
 35980 | Spider:1 | Entered Level 1 of the Spider Nest
 36131 | Spider:1 | Noticed Kirke
 36489 | Spider:1 | Killed Kirke
 37308 | Spider:1 | Found a runed translucent gate.
 37308 | Spider:1 | Found a runed translucent gate.
 37308 | Spider:1 | Found a runed translucent gate.
 37314 | Spider:1 | Noticed CougarLife's ghost (journeyman MiBe)
 37877 | Spider:2 | Reached XP level 18. HP: 98/151 MP: 0/0
 37964 | Spider:2 | Noticed Azrael
 37972 | Spider:2 | Killed Azrael
 38182 | Spider:2 | Found a runed translucent gate.
 38182 | Spider:2 | Found a runed translucent gate.
 38188 | Spider:2 | Found a runed translucent gate.
 38188 | Spider:2 | Noticed Jeuxtor's ghost (adept DrGl)
 38561 | Spider:3 | Identified a scroll of acquirement
 38563 | Spider:3 | Acquired the ring of Ysufrat {rPois Will+ Dex+6}
 38592 | Spider:2 | Reached skill level 21 in Fighting
 41406 | Spider:4 | Entered Level 4 of the Spider Nest
 41945 | Swamp:1  | Entered Level 1 of the Swamp
 42004 | Swamp:1  | Reached skill level 22 in Fighting
 42270 | Swamp:1  | Reached XP level 19. HP: 138/160 MP: 0/0
 42270 | Swamp:1  | Learned a level 6 spell: Death Channel
 42593 | Swamp:1  | Identified the +6 scale mail "Moluggaf" {-Tele Rampage
                  | Int+9 Stlth-}
 42649 | Swamp:1  | Noticed Louise
 42658 | Swamp:1  | Killed Louise
 43680 | Swamp:3  | Noticed a tentacled monstrosity
 43742 | Swamp:3  | Killed by an exploding bloated husk... set off by their pet

Illustrated notes

Levels and vault maps discovered:
D:1:      giann_wishing_wells, layout_basic
D:2:      layout_basic
D:3:      layout_basic, nicolae_overflow_crystal_walls, minmay_unequal
D:4:      layout_loops_ring, lemuel_doored_altar,
          minmay_temple_entry_enclosed_plants, gup_ossuary_entry_pyramid,
          uniq_robin
D:5:      layout_rooms, cheibrodos_sewer_entry_bend
D:6:      layout_basic, overflow_temple_1_default, nemelex_spade_bored_becter,
          uniq_prince_ribbit1
D:7:      nicolae_cairo_tiling, layout_basic, serial_park_tiny_pond
D:8:      layout_basic, nicolae_overflow_macrodata_refinement,
          mainiacjoe_overflow_brackets, serial_demonic, serial_demonic_d,
          serial_demonic_b, serial_demonic_c, serial_demonic_a,
          minmay_misc_feat_nine_boxes, minmay_liquid_box, uniq_erica,
          uniq_joseph
D:9:      layout_loops_cross, enter_bailey_2
D:10:     layout_rooms
D:11:     layout_irregular_city, erik_lair_orcish_takeover, david_orc_5
D:12:     layout_stronghold, minmay_misc_feat_chi
D:13:     layout_irregular_city, erik_vaults_1, minmay_statue_crystal_thing,
          uniq_erolcha, uniq_josephine
D:14:     layout_gridville, corexii_leaking_fountain, minmay_fire_ice_demons
D:15:     grunt_enter_depths_hoard, layout_cave_pods,
          chequers_serial_rivers_small_3
Temple:   oiseaux_autumnal_temple
Lair:1:   layout_cave_pods, grunt_megastairs_3, lemuel_fruit_tree
Lair:2:   layout_layer_cave, nicolae_spider_entry_orb_guardian,
          portal_ice_cave_entry_ice_simulacra, kennysheep_snail_temple
Lair:3:   layout_roguey, nicolae_swamp_entry_splash_gauntlet,
          chequers_serial_rivers_micro_b
Lair:4:   layout_regular_city, uniq_urug, uniq_rupert
Lair:5:   guppyfry_lair_end_dragon, layout_gridlike, wormcave, slime_entry_1,
          serial_bayou_shore_b
Swamp:1:  layout_basic_swamp, nicolae_swamp_little_tower, uniq_louise
Swamp:2:  layout_falls_marsh, evilmike_swamp_ruin_rubble_1
Swamp:3:  layout_falls_marsh, evilmike_swamp_ruin_house_2
Spider:1: layout_spider_delve, gammafunk_ghost_necromancy, uniq_kirke
Spider:2: layout_spider_delve, gammafunk_ghost_tricky_traps, uniq_azrael
Spider:3: nicolae_spider_corner
Spider:4: grunt_spider_rune_circles
Orc:1:    layout_diamond_mine, serial_shops, nicolae_lakefront_shop
Orc:2:    st_orc_elflike, layout_caves, uniq_jorgrun

Skill      XL: |  1  2  3  4  5  6  7  8  9 10 11 12 13 14 15 16 17 18 |
---------------+-------------------------------------------------------+-----
Fighting       | 1 2 3 4 5 7 9 11 13 14 16 17 19 20 22 | 22.5
Spellcasting   | 4 5 6 7 9 10 11 12 14 15 16 17 | 17.6
Conjurations   | 4 5 6 7 9 10 11 12 14 15 16 17 | 17.6
Hexes          | 4 5 6 7 9 10 11 12 14 15 16 17 | 17.6
Summonings     | 4 5 6 7 9 10 11 12 14 15 16 17 | 17.6
Necromancy     | 4 5 6 7 9 10 11 12 14 15 16 17 | 17.6
Translocations | 4 5 6 7 9 10 11 12 14 15 16 17 | 17.6
Fire Magic     | 4 5 6 7 9 10 11 12 14 15 16 17 | 17.6
Ice Magic      | 4 5 6 7 9 10 11 12 14 15 16 17 | 17.6
Air Magic      | 4 5 6 7 9 10 11 12 14 15 16 17 | 17.6
Earth Magic    | 4 5 6 7 9 10 11 12 14 15 16 17 | 17.6
Alchemy        | 4 5 6 7 9 10 11 12 14 15 16 17 | 17.6
Dodging        | 6 |  6.8
Stealth        | |  1.7

Action                     |  1- 3 |  4- 6 |  7- 9 | 10-12 | 13-15 | 16-18 | 19-21 || total
---------------------------+-------+-------+-------+-------+-------+-------+-------++-------
  Melee: Dagger            |     2 |     9 |       |       |       |       |       ||    11
         Staff             |       |       |       |    14 |     6 |    10 |       ||    30
   Cast: Magic Dart        |    75 |   208 |   366 |   575 |   360 |   194 |    12 ||  1790
         Freeze            |       |    17 |       |     3 |       |     4 |       ||    24
         Mephitic Cloud    |       |    10 |    10 |    63 |    17 |    13 |     2 ||   115
         Searing Ray       |       |       |    21 |   116 |     4 |     5 |       ||   146
         Mercury Vapours   |       |       |     2 |    16 |     1 |       |       ||    19
         Call Imp          |       |       |     1 |     6 |     5 |     1 |       ||    13
         Blink             |       |       |       |     1 |     2 |     1 |     1 ||     5
         Ozocubu's Armour  |       |       |       |     1 |     5 |       |       ||     6
         Arcjolt           |       |       |       |       |   447 |   433 |    77 ||   957
         Slow              |       |       |       |       |     1 |       |       ||     1
         Enfeeble          |       |       |       |       |       |    14 |     1 ||    15
         Eringya's Noxious |       |       |       |       |       |     2 |       ||     2
         Death Channel     |       |       |       |       |       |       |     2 ||     2
  Evoke: Wand              |       |       |       |       |       |    19 |       ||    19
    Use: Scroll            |       |     6 |     5 |     6 |     5 |     5 |     4 ||    31
         Potion            |       |       |       |     3 |     1 |     4 |       ||     8
   Stab: Confused          |       |       |       |       |       |     1 |       ||     1
 Armour: Robe              |     7 |    64 |    97 |   295 |   254 |   356 |    91 ||  1164
  Dodge: Dodged            |    12 |    43 |    84 |   240 |   155 |   275 |    51 ||   860

Table legend: (Time is in decaauts)
 A = Elapsed time spent in this place.
 B = Non-inter-level travel time spent in this place.
 C = Inter-level travel time spent in this place.
 D = Time resting spent in this place.
 E = Time spent auto-exploring this place.
 F = Levels seen in this place.
 G = Mean time per level.
                   A        B        C        D        E       F      G
               +--------+--------+--------+--------+--------+-----+--------+
         Total |  43881 |  42078 |   1803 |   9921 |  24911 |  34 | 1290.6 |
       Dungeon |  19110 |  18078 |   1032 |   3029 |  12314 |  15 | 1274.0 |
        Temple |     33 |     18 |     15 |      0 |      0 |   1 |   33.0 |
          Lair |  11098 |  10742 |    356 |   2561 |   6264 |   5 | 2219.6 |
         Swamp |   1798 |   1715 |     83 |    230 |   1179 |   3 |  599.3 |
   Spider Nest |   5840 |   5619 |    221 |   2134 |   2423 |   4 | 1460.0 |
  Orcish Mines |   2062 |   1968 |     94 |    530 |   1114 |   2 | 1031.0 |
         Sewer |    482 |    482 |      0 |    133 |    256 |   1 |  482.0 |
       Ossuary |   1377 |   1377 |      0 |    706 |    388 |   1 | 1377.0 |
        Bailey |   1371 |   1371 |      0 |    454 |    580 |   1 | 1371.0 |
      Ice Cave |    704 |    704 |      0 |    144 |    393 |   1 |  704.0 |
               +--------+--------+--------+--------+--------+-----+--------+

Top non-repeatable levels by time:
  Lair:4: 2941 daAuts
  Lair:5: 2634 daAuts
    D:11: 2606 daAuts
     D:9: 2387 daAuts
  Lair:1: 2207 daAuts
Spider:3: 2077 daAuts
  Lair:2: 2039 daAuts
Spider:2: 1869 daAuts
Spider:1: 1769 daAuts
     D:8: 1671 daAuts
     D:7: 1388 daAuts
 Ossuary: 1377 daAuts
  Bailey: 1371 daAuts
   Orc:2: 1333 daAuts
  Lair:3: 1275 daAuts
